AoeStats
← Exotic Pixel

Arabia

507546794Analyzed
1v1 RM · 14d ago on Sep 18, 2026· 26m 1s· 2 players
Game mode
Random Map
Map size
Tiny (2 player)
Population
200
Speed
Normal
Resources
Standard
Victory
Conquest
Starting age
Dark Age
Ending age
Imperial Age
RankedLock teamsTeams togetherTeam positionsShared explorationLock speedFull tech treeHidden civsTurbo modeCheats
Victory
Defeat
🇦🇷 Muisca · Argentina
987
+17
🇪🇸 Spanish · Spain
1000
-51
Exotic Pixel
7:13 Loom
9:38 Feudal Age
10:54 Champi Runner
13:38 Wheelbarrow
16:14 Forging
17:52 Scale Mail Armor
17:44 Town Watch
18:00 Double-Bit Axe
17:56 Horse Collar
18:02 Horse Collar
26:43 Castle Age
lleixa89
14:34 Loom
20:42 Feudal Age
23:26 Gold Mining
23:36 Man-at-Arms
Connection lost

Rejoining the realm…

Still unreachable

The connection could not be restored.

Session expired

The server has moved on; the page needs a fresh start.